Map: Tropical Sacrifice

Players

Vedmak - Winner!

  • Race: Terran Terran
  • League: Silver
  • Spawn Location: 7:00

MiniYuggoth

  • Race: Protoss Protoss
  • League: Silver
  • Spawn Location: 1:00

VOD

Have the link to the VOD?

Description

Time

  • Played on: Aug. 31, 2022, 2:22 p.m.
  • Length: 20:59
Show
View Real Time Build Order
Export as new Build Order

Vedmak Terran - Winner!

Build Orders:  

Get SALT Encoding   

  12  0:03  SCV  
  13  0:17  SCV  
  14  0:31  Supply Depot  
  14  0:42  SCV  
  15  0:54  SCV  
  15  0:55  Barracks  
  16  1:03  Refinery  
  16  1:06  SCV, Refinery  
  18  1:18  SCV  
  18  1:30  SCV  
  19  1:42  SCV  
  20  1:54  SCV, Factory  
  21  2:02  Marine  
  21  2:07  SCV  
  23  2:18  Supply Depot  
  23  2:37  Supply Depot  
  23  2:38  Command Center  
  23  2:39  SCV  
  24  2:46  Factory Tech Lab  
  24  2:51  SCV  
  25  3:04  Starport  
  25  3:10  SCV  
  26  3:16  Siege Tank  
  29  3:22  SCV  
  29  3:25  Refinery  
  30  3:34  SCV  
  30  3:35  Bunker  
  31  3:46  SCV, Marine  
  33  3:53  Starport Tech Lab  
  33  3:58  SCV  
  33  4:00  Fusion Core  
  34  4:10  SCV  
  35  4:19  SCV, Refinery  
  35  4:22  SCV  
  37  4:29  Starport  
  37  4:31  SCV  
  37  4:35  SCV  
  39  4:49  Supply Depot  
  39  4:50  Battlecruiser  
  45  4:59  SCV x2  
  47  5:07  Starport Tech Lab  
  47  5:11  SCV x2  
  49  5:16  Armory  
  49  5:25  Supply Depot  
  49  5:32  Battlecruiser  
  55  5:49  Orbital Command  
  55  5:57  Engineering Bay  
  55  6:01  Orbital Command  
  55  6:10  Weapon Refit  
  55  6:16  Battlecruiser  
  61  6:19  SCV  
  62  6:26  Terran Ship Weapons Level 1  
  62  6:31  SCV  
  63  6:39  Battlecruiser  
  69  6:45  SCV  
  70  6:56  Supply Depot  
  70  7:05  Missile Turret  
  70  7:17  SCV x2  
  70  7:20  Supply Depot  
  72  7:22  Command Center  
  72  7:29  Battlecruiser  
  78  7:41  SCV  
  79  7:44  Supply Depot  
  79  7:49  Battlecruiser  
  85  8:06  Siege Tank  
  88  8:21  Terran Vehicle And Ship Armor Level 1  
  88  8:24  Missile Turret  
  88  9:07  Siege Tank  
  91  9:21  Planetary Fortress  
  91  9:23  SCV  
  91  9:24  SCV  
  93  9:36  SCV x2  
  95  9:39  Siege Tank  
  98  9:48  SCV x2  
  100  10:00  SCV x2  
  98  10:23  Command Center  
  98  10:35  Supply Depot  
  98  10:41  Missile Turret  
  98  10:54  Missile Turret  
  98  10:57  SCV x2  
  98  11:00  Missile Turret, Supply Depot  
  100  11:14  Missile Turret  
  100  11:18  Terran Ship Weapons Level 2  
  100  11:21  Missile Turret, Battlecruiser  
  106  11:27  Supply Depot  
  106  11:29  Armory  
  106  11:35  Battlecruiser  
  106  11:37  Missile Turret  
  106  11:38  Refinery  
  112  11:41  Missile Turret, Refinery  
  100  11:50  Supply Depot  
  100  11:56  Planetary Fortress  
  100  11:59  Missile Turret  
  100  12:01  Missile Turret  
  100  12:02  Thor  
  106  12:16  Supply Depot, SCV x2  
  106  12:22  Missile Turret x2  
  108  12:28  SCV x2, Battlecruiser  
  116  12:40  SCV x2  
  116  12:41  Missile Turret, Supply Depot  
  116  12:43  Missile Turret  
  118  12:45  Thor  
  124  12:52  SCV  
  124  12:53  SCV  
  124  12:55  Sensor Tower  
  126  13:04  Missile Turret  
  126  13:05  Supply Depot, SCV  
  127  13:06  Smart Servos  
  127  13:10  Missile Turret  
  127  13:12  Battlecruiser  
  133  13:13  Terran Vehicle And Ship Armor Level 2  
  133  13:23  Sensor Tower  
  133  13:28  Siege Tank  
  133  13:30  Missile Turret  
  133  13:31  Command Center  
  142  13:34  Battlecruiser  
  142  13:46  Supply Depot  
  142  13:47  Sensor Tower  
  142  13:50  Missile Turret  
  142  14:13  Missile Turret, Supply Depot  
  141  14:34  Missile Turret  
  141  14:35  Missile Turret  
  141  14:46  Missile Turret  
  141  14:54  Missile Turret  
  141  14:55  Missile Turret  
  141  15:03  Refinery  
  141  15:06  Missile Turret  
  141  15:08  Planetary Fortress  
  141  15:11  SCV  
  141  15:12  SCV x2  
  144  15:14  Missile Turret  
  144  15:16  Missile Turret  
  143  15:24  SCV x3  
  146  15:34  Missile Turret  
  146  15:36  SCV x3  
  146  15:37  Missile Turret  
  149  15:48  SCV x3  
  146  15:54  Missile Turret  
  146  15:58  Missile Turret  
  146  16:00  SCV x3  
  146  16:01  Thor  
  155  16:13  Missile Turret  
  155  16:24  Battlecruiser x2  
  167  16:25  Terran Ship Weapons Level 3  
  167  16:26  Terran Vehicle And Ship Armor Level 3  
  167  16:33  Armory  
  167  16:34  Missile Turret  
  167  16:36  Refinery  
  167  16:44  Thor  
  167  16:46  Sensor Tower  
  173  16:55  Missile Turret  
  173  17:08  Supply Depot  
  173  17:14  Missile Turret  
  173  17:24  Thor x3, Command Center  
  173  17:27  Thor  
  179  17:37  Missile Turret  
  179  17:53  Refinery  
  179  17:55  Refinery  
  179  17:59  Missile Turret  
  179  18:10  Thor  
  185  18:15  Battlecruiser x2  
  185  18:17  Missile Turret, Terran Vehicle Weapons Level 1  
  185  18:18  Missile Turret x2  
  185  18:19  Missile Turret x3  
  197  18:53  Thor  
  166  19:28  Battlecruiser  
  166  19:29  Battlecruiser  
  178  19:51  Planetary Fortress  
Show
View Real Time Build Order
Export as new Build Order

MiniYuggoth Protoss 

Build Orders:  

Get SALT Encoding   

  12  0:00  Probe  
  13  0:12  Probe  
  14  0:25  Pylon  
  14  0:28  Probe  
  15  0:43  Probe (Chrono Boost)  
  15  0:46  Gateway  
  16  0:55  Probe (Chrono Boost)  
  17  0:58  Assimilator  
  17  1:02  Probe (Chrono Boost)  
  18  1:09  Probe  
  19  1:18  Assimilator  
  19  1:22  Probe  
  20  1:34  Probe, Gateway  
  21  1:40  Pylon  
  21  1:46  Probe  
  22  2:01  Nexus  
  22  2:04  Probe  
  23  2:16  Probe  
  23  2:21  Gateway  
  24  2:30  Cybernetics Core  
  24  2:37  Zealot  
  25  2:39  Probe  
  26  3:01  Probe  
  26  3:03  Pylon  
  27  3:11  Warp Gate (Chrono Boost)  
  27  3:13  Probe  
  27  3:19  Stalker, Sentry  
  32  3:20  Stalker  
  32  3:25  Robotics Facility  
  32  3:26  Probe  
  35  3:30  Probe  
  36  3:41  Probe  
  36  3:42  Probe  
  36  3:45  Pylon  
  38  3:51  Stalker  
  40  4:04  Probe x2  
  40  4:07  Shield Battery  
  42  4:16  Probe x2  
  44  4:19  Robotics Bay, Observer (Chrono Boost)  
  45  4:28  Probe x2  
  47  4:40  Probe x2  
  49  4:52  Probe x2  
  50  4:53  Gateway  
  50  4:55  Gateway  
  50  4:57  Observer  
  50  4:59  Gateway  
  52  5:01  Gateway  
  52  5:04  Probe, Assimilator  
  52  5:05  Probe  
  54  5:08  Assimilator  
  54  5:10  Pylon  
  54  5:11  Stalker  
  56  5:16  Probe  
  56  5:17  Probe  
  58  5:22  Pylon  
  58  5:29  Pylon  
  58  5:30  Probe x2  
  58  5:32  Twilight Council  
  60  5:42  Probe x2  
  62  5:54  Probe x2  
  62  5:55  Stalker x3  
  62  5:56  Stargate  
  62  5:57  Stargate  
  70  6:06  Probe  
  70  6:07  Probe  
  72  6:18  Probe  
  72  6:19  Probe  
  82  6:48  Pylon  
  82  6:50  Void Ray x2 (Chrono Boost)  
  82  6:53  Probe x2  
  84  7:09  Nexus  
  84  7:12  Pylon  
  84  7:15  Stalker  
  84  7:16  Pylon  
  84  7:17  Stalker  
  84  7:18  Pylon  
  84  7:22  Probe x2  
  94  7:24  Void Ray (Chrono Boost)  
  94  7:28  Observer  
  94  7:29  Pylon  
  94  7:35  Void Ray  
  94  7:36  Forge  
  102  8:06  Void Ray  
  102  8:10  Protoss Ground Weapons Level 1  
  106  8:18  Void Ray  
  106  8:35  Probe x2  
  106  8:37  Photon Cannon  
  94  8:49  Void Ray  
  89  8:55  Probe x2  
  89  8:56  Probe  
  91  9:07  Probe  
  91  9:08  Probe x2  
  98  9:10  Void Ray  
  98  9:20  Probe  
  98  9:21  Probe x2  
  98  9:22  Fleet Beacon  
  105  9:32  Void Ray  
  105  9:33  Probe x3  
  108  9:45  Probe x3  
  115  9:53  Void Ray (Chrono Boost)  
  115  9:54  Assimilator  
  115  9:57  Probe, Assimilator  
  120  10:14  Void Ray (Chrono Boost)  
  120  10:27  Tempest (Chrono Boost)  
  125  10:42  Tempest  
  125  10:47  Nexus  
  130  10:51  Probe x2, Pylon  
  130  10:52  Probe  
  130  10:54  Pylon  
  133  10:58  Pylon  
  133  11:01  Assimilator  
  133  11:03  Assimilator, Tempest  
  138  11:25  Tempest (Chrono Boost)  
  142  11:26  Probe x3  
  142  11:31  Pylon  
  145  11:38  Pylon  
  133  11:43  Tempest (Chrono Boost)  
  110  12:04  Tempest (Chrono Boost)  
  110  12:08  Warp Prism  
  117  12:17  Probe x3  
  117  12:19  Tempest (Chrono Boost)  
  125  12:29  Probe x3  
  128  12:39  Photon Cannon  
  128  12:40  Tempest (Chrono Boost)  
  128  12:41  Probe  
  128  12:42  Photon Cannon  
  134  12:44  Observer  
  135  13:05  Carrier (Chrono Boost)  
  145  13:20  Void Ray  
  145  13:38  Pylon  
  145  13:40  Probe x2  
  147  13:46  Stargate  
  147  13:47  Stargate  
  147  13:55  Zealot x5  
  153  13:56  Zealot x2  
  161  14:18  Probe x3  
  164  14:33  Carrier x2  
  176  14:46  Pylon  
  176  14:52  Carrier x2  
  188  14:53  Pylon  
  166  16:05  Tempest x2  
  174  16:21  Unknown  
  174  16:50  Tempest x2 (Chrono Boost)  
  194  16:54  Tempest x2 (Chrono Boost)  
  194  17:08  Nexus  
  194  17:11  Assimilator  
  194  17:16  Assimilator  
  194  17:20  Pylon  
  194  17:23  Pylon  
  194  17:27  Pylon  
  104  19:27  Tempest  
  104  19:28  Tempest x3  
  124  19:46  Zealot x3  
  124  19:47  Zealot x4  
Tags
 
Add a new tag
Caveats
  • Supply blocks, unpowered buildings, or Contaminate may cause inaccurate times.
  • Supply counts are checked every 10 seconds.